 Dungeon Crawl Stone Soup version 0.25-a0-890-g62861fb (webtiles) character file.

Game seed: 9595971772850752997, levelgen mode: deterministic

12 BlueFish the Insei (level 2, -4/18 HPs)
             Began as an Octopode Transmuter on May 5, 2020.
             Slain by a kobold
             ... wielding a +3 short sword
              (7 damage)
             ... on level 1 of the Dungeon.
             The game lasted 00:00:24 (106 turns).

BlueFish the Insei (Octopode Transmuter)             Turns: 106, Time: 00:00:25

Health: -4/18      AC:  1    Str:  9    XL:     2   Next: 33%
Magic:  5/5        EV: 13    Int: 15    God:
Gold:   0          SH:  0    Dex: 12    Spells: 4/5 levels left

rFire    . . .     SeeInvis .     - Unarmed
rCold    . . .     Gourm    .   (no shield)
rNeg     . . .     Faith    .   (helmet restricted)
rPois    .         Spirit   .   (no amulet)
rElec    .         Reflect  .   (no ring)
rCorr    .         Harm     .   (no ring)
MR       .....                  (no ring)
Stlth    ++........             (no ring)
HPRegen  0.06/turn              (no ring)
MPRegen  0.09/turn              (no ring)
                                (no ring)
                                (no ring)

@: appendage (expiring)
A: almost no armour, stealthy swim, amphibious, 8 rings, constrict 8, tentacle
spike 3, camouflage 1, gelatinous body 1
a: End Transformation


You were on level 1 of the Dungeon.
You were not hungry.
One of your tentacles had a temporary spike.
You visited 1 branch of the dungeon, and saw 1 of its levels.

Inventory:

Missiles
 a - 12 arrows
Comestibles
 b - 3 chunks of flesh
 c - a ration


   Skills:
 * Level 1.2 Fighting
 * Level 2.1 Dodging
 * Level 0.4 Stealth
 * Level 3.3 Unarmed Combat
 + Level 2.0 Spellcasting
 * Level 2.1 Transmutations


You had 4 spell levels left.
You knew the following spells:

 Your Spells              Type           Power        Failure   Level  Hunger
a - Beastly Appendage     Tmut           #.....       10%         1    #......

Your spell library contained the following spells:

 Spells                   Type           Power        Failure   Level  Hunger
 Sticks to Snakes         Tmut           #.......     14%         2    ###....
 Spider Form              Tmut/Pois      #.........   38%         3    ###....
 Ice Form                 Ice/Tmut       #.......     80%         4    #####..
 Blade Hands              Tmut           #.........   95%         5    ######.


Dungeon Overview and Level Annotations

Branches:
Dungeon (1/15)

Altars:


Innate Abilities, Weirdness & Mutations

You cannot wear most types of armour.
You are very stealthy in the water. (Stealth+)
You are amphibious.
You can wear up to eight rings at the same time.
You can use your tentacles to constrict eight enemies at once.
Your skin changes colour to match your surroundings (Stealth+).
Your rubbery body absorbs attacks. (AC +1, EV +1)
One of your tentacles bears a large vicious spike.


Message History

You closely miss the kobold. Your grab misses the kobold.
You pierce the kobold, but do no damage.
The kobold barely misses you.
You tentacle-slap the kobold. Your grab misses the kobold.
The kobold is heavily wounded.
The kobold hits you with a +3 short sword.
You barely miss the kobold. Your grab misses the kobold.
The kobold is heavily wounded.
The kobold hits you with a +3 short sword!
* * * LOW HITPOINT WARNING * * *
You tentacle-slap the kobold but do no damage.
Your grab misses the kobold.
Your tentacle spike misses the kobold.
The kobold is heavily wounded.
The kobold hits you with a +3 short sword.
* * * LOW HITPOINT WARNING * * *
You barely miss the kobold. You grab the kobold.
The kobold is heavily wounded.
You constrict the kobold, but do no damage.
The kobold hits you with a +3 short sword!
You die...

....... #.
........# .
........ #.
.......### . .
#......# ..###.
#......# ......#
#....÷÷##
..##...###.......##
....(.%K@.....(...#
##..##.##.........#
#. ##...###...# ..
#♣.♣# .#.... #..
♣.♣ .##.## ... ♣.♣
.# .# ###. ♣.♣ .. .
.. ♣.♣ ♣.♣


You could see a kobold.

Vanquished Creatures
  A gnoll (D:1)
  A hobgoblin (D:1)
  A goblin (D:1)
  A rat (D:1)
4 creatures vanquished.

Notes
Turn   | Place    | Note
-------+----------+-------------------------------------------
     0 | D:1      | BlueFish the Octopode Transmuter began the quest for the
                  | Orb.
     0 | D:1      | Reached XP level 1. HP: 13/13 MP: 3/3
    16 | D:1      | Reached XP level 2. HP: 11/18 MP: 3/5
   106 | D:1      | Slain by a kobold

Levels and vault maps discovered:
D:1:      eino_arrival_tree_alley, layout_rooms

Action                   || total
-------------------------++-------
Melee: Unarmed           ||    15
       Kick              ||     4
       Constrict         ||     4
       Tentacles         ||     1
 Cast: Beastly Appendage ||     2
Dodge: Dodged            ||     5

Table legend:
 A = Non-vault XP
 B = Vault XP
 C = Vault XP percentage of total XP
 D = Non-vault monster count
 E = Vault monster count
 F = Vault count percentage of total count
                 A         B        C        D         E       F
            +---------+---------+-------+---------+---------+-------
      Total |      18 |       0 |   0.0 |       4 |       0 |   0.0
            +---------+---------+-------+---------+---------+-------
        D:1 |      18 |       0 |   0.0 |       4 |       0 |   0.0
            +---------+---------+-------+---------+---------+-------
